 Dungeon Crawl Stone Soup version 0.31.0-11-ge490571c62 (webtiles) character file.

Game seed: 12223712195604328561

3049 kwasso the Grappler (level 9, -8/55 HPs)
             Began as an Octopode Shapeshifter on Jan 26, 2024.
             Mangled by Maggie the acid dragon (15 damage)
             ... on level 7 of the Dungeon.
             The game lasted 00:23:01 (6922 turns).

kwasso the Grappler (Octopode Shapeshifter)         Turns: 6922, Time: 00:23:01

Health: -8/55      AC: -3    Str: 12 (13) XL:     9   Next: 87%
Magic:  9/9        EV: 14    Int: 15 (17) God:
Gold:   9          SH:  0    Dex: 11      Spells: 8/8 levels left

rFire   + .          .
                       - Unarmed
rCold   . . .        (no shield)
rNeg    . . .        (helmet currently unavailable)
rPois   .            (no amulet)
rElec   .            d - ring of willpower
rCorr   .            e - ring of flight
SInv    .            r - ring of protection from fire
Will    +....        (no ring)
Stlth   +++++        (no ring)
HPRegen 0.29/turn    (no ring)
MPRegen 0.11/turn    (no ring)
                     (no ring)

%: no passive effects
@: beast-form, corroded, flying
A: beast (slay +2), almost no armour, amphibious, 8 rings, camouflage 1,
gelatinous body 1, (nimble swimmer 1), tentacles
a: Begin Untransformation


You were on level 7 of the Dungeon.
You were a hulking beast.
You visited 1 branch of the dungeon, and saw 7 of its levels.
You also visited: Sewer.

You collected 364 gold pieces.
You spent 355 gold pieces at shops.

Inventory:

Hand Weapons
 f - a +0 rapier
 s - a +0 spear of venom
 G - a +3 war axe
 H - a +0 morningstar
Armour
 F - a +0 hat
Magical Staves
 h - a staff of death
Jewellery
 d - a ring of willpower (left tentacle)
 e - a ring of flight (right tentacle)
 r - a ring of protection from fire (on tentacle)
 C - a ring of fire
 I - an amulet of magic regeneration
Talismans
 b - a beast talisman
 c - a flux talisman
Wands
 q - a wand of flame (12) (quivered)
 D - a wand of polymorph (4)
 E - a wand of iceblast (7)
Scrolls
 j - 2 scrolls of brand weapon
 k - a scroll of identify
 l - 3 scrolls of revelation
 m - 2 scrolls of amnesia
 u - a scroll of butterflies {unknown}
 v - a scroll of teleportation {unknown}
 w - a scroll of torment {unknown}
 x - a scroll of blinking {unknown}
 y - 2 scrolls of immolation {unknown}
 z - 2 scrolls of noise {unknown}
 A - a scroll of enchant armour {unknown}
 B - 2 scrolls of fog {unknown}
Potions
 a - a potion of lignification
 i - 9 potions of curing
 n - 2 potions of degeneration
 o - a potion of might
 t - a potion of brilliance


   Skills:
 + Level 2.8 Fighting
 + Level 3.6 Throwing
 + Level 4.3 Dodging
 + Level 8.0 Stealth
 + Level 9.7 Unarmed Combat
 + Level 1.5 Evocations
 + Level 5.1 Shapeshifting


You had 8 spell levels left.
You didn't know any spells.
Your spell library contained the following spells:

 Spells                   Type           Power      Damage    Failure   Level
 Lesser Beckoning         Tloc           0%         N/A       38%         2
 Gell's Gravitas          Tloc           0%         N/A       63%         3
 Ozocubu's Armour         Ice            0%         N/A       63%         3
 Teleport Other           Tloc           0%         N/A       63%         3
 Leda's Liquefaction      Alch/Erth      0%         N/A       95%         4
 Lee's Rapid Deconstruct  Erth           0%         3d4*      100%        5
 Metabolic Englaciation   Hex/Ice        0%         N/A       100%        5
 Bombard                  Conj/Erth      0%         9d1       100%        6
 Sculpt Simulacrum        Ice/Alch       0%         N/A       100%        6


Dungeon Overview and Level Annotations

Branches:
Dungeon (7/15)              Sewer (visited)
 Temple: D:4-7

Altars:
Fedhas
Trog

Shops:
D:4 *   D:5 !

Annotations:
D:7 Maggie


Innate Abilities, Weirdness & Mutations

You are a hulking beast.
Your limbs bulge with bestial killing power. (Slay +2)
You cannot wear most types of armour.
You are amphibious.
You can wear up to eight rings at the same time.
Your skin changes colour to match your surroundings (Stealth+).
Your rubbery body absorbs attacks. (AC +1, EV +1)
((You are camouflaged when in or above water. (Stealth+)))
You have tentacles for arms and can constrict up to eight enemies at once.


Message History

Aiming: Polymorph
Press: ? - help, Shift-Dir - straight line, f/p - Maggie
Aim: Maggie, wielding the +9 lance "Wyrmbane" {slay drac, rPois rF+ rC+ AC+3} and wearing +0 steam dragon scales (moderately wounded, very poisoned, will become an acid dragon, an endoplasm, or a wolf, chance to affect: 52%) Maggie resists with significant effort.
Maggie hits you from afar with the +9 lance "Wyrmbane" {slay drac, rPois rF+ rC+ AC+3}!
Aiming: Polymorph
Press: ? - help, Shift-Dir - straight line, f/p - Maggie
Aim: Maggie, wielding the +9 lance "Wyrmbane" {slay drac, rPois rF+ rC+ AC+3} and wearing +0 steam dragon scales (moderately wounded, poisoned, will become an acid dragon, an endoplasm, or a wolf, chance to affect: 52%) Maggie resists with significant effort.
Maggie hits you from afar with the +9 lance "Wyrmbane" {slay drac, rPois rF+ rC+ AC+3}!!
* * * LOW HITPOINT WARNING * * *
Aiming: Polymorph
Press: ? - help, Shift-Dir - straight line, f/p - Maggie
Aim: Maggie, wielding the +9 lance "Wyrmbane" {slay drac, rPois rF+ rC+ AC+3} and wearing +0 steam dragon scales (moderately wounded, poisoned, will become an acid dragon, an endoplasm, or a wolf, chance to affect: 52%) Maggie evaporates and reforms as an acid dragon!
Unknown command.
You feel much better.
You tentacle-slap Maggie. Your squeeze misses Maggie.
Maggie is moderately wounded.
Maggie spits acid at you. The splash of acid hits you.
You tentacle-slap Maggie but do no damage.
Your squeeze misses Maggie.
Maggie is moderately wounded.
Maggie barely misses you. Maggie misses you.
You bludgeon Maggie!
Maggie is severely wounded.
Maggie spits acid at you. The splash of acid hits you!!
Ouch! That really hurt!
* * * LOW HITPOINT WARNING * * *
The acid corrodes you!
You feel much better. Maggie bites you!
* * * LOW HITPOINT WARNING * * *
Maggie barely misses you.
An iguana comes into view.
You bludgeon Maggie!
Maggie is almost dead.
Maggie bites you!
You die...

(# l.. ##(# ..$.#
..... ####.)###
......D.### #
#h..## ..#
###########..#...#
#...........>..#
#.##############
#.# #.# #.# #.#
#.#


You could see Maggie the acid dragon (catching breath) and an iguana.

Vanquished Creatures
  Pikel (D:4)
  4 yaks (D:5)
  Eustachio (D:4)
  A steam dragon (D:6)
  Menkaure (D:4)
  A water moccasin (D:5)
  A sky beast (D:4)
  2 ogres
  A crocodile (Sewer)
  4 lemures (D:4)
  A kobold brigand (D:7)
  5 scorpions
  4 wights (D:7)
  2 bombardier beetles
  A gnoll bouda (D:6)
  A hound (D:5)
  A jelly (D:7)
  2 sleepcaps
  Natasha (twice) (D:2)
  5 iguanas
  Robin (D:4)
  3 gnolls (D:6)
  8 adders
  3 river rats (D:5)
  A shadow imp (D:5)
  2 white imps
  5 dart slugs
  4 ribbon worms
  4 orcs
  11 ball pythons
  6 endoplasms
  2 giant cockroaches
  15 goblins
  12 hobgoblins
  4 jackals (Sewer)
  3 quokkas
  5 bats
  2 frilled lizards (D:2)
  12 kobolds
  5 rats
149 creatures vanquished.

Notes
Turn   | Place    | Note
-------+----------+-------------------------------------------
     0 | D:1      | kwasso the Octopode Shapeshifter began the quest for the
                  | Orb.
     0 | D:1      | Reached XP level 1. HP: 13/13 MP: 1/1
   112 | D:1      | Reached XP level 2. HP: 4/18 MP: 2/2
   619 | D:1      | Reached XP level 3. HP: 21/23 MP: 3/3
   923 | D:2      | Noticed Natasha
   926 | D:2      | Killed Natasha
   927 | D:2      | Reached skill level 4 in Unarmed Combat
   927 | D:2      | Reached XP level 4. HP: 28/28 MP: 4/4
  1311 | D:2      | Found a bloodstained altar of Trog.
  1530 | D:2      | Reached skill level 1 in Stealth
  1671 | D:2      | Noticed Natasha
  1687 | D:2      | Killed Natasha
  1688 | D:2      | Reached XP level 5. HP: 11/33 MP: 5/5
  3079 | D:4      | Noticed a sky beast
  3096 | D:4      | Killed a sky beast
  3097 | D:4      | Reached skill level 5 in Unarmed Combat
  3097 | D:4      | Reached XP level 6. HP: 3/38 MP: 6/6
  3441 | D:4      | Reached skill level 1 in Throwing
  3480 | D:4      | Noticed Robin
  3598 | D:4      | Noticed Eustachio
  3607 | D:4      | Killed Eustachio
  3608 | D:4      | Reached XP level 7. HP: 26/44 MP: 7/7
  3687 | D:4      | Found a blossoming altar of Fedhas.
  3758 | D:4      | Killed Robin
  3820 | D:4      | Found Oxkic's Assorted Antiques.
  3829 | D:4      | Noticed Pikel
  3993 | D:4      | Killed Pikel
  3994 | D:4      | Reached skill level 5 in Stealth
  3994 | D:4      | Reached skill level 6 in Unarmed Combat
  3994 | D:4      | Reached XP level 8. HP: 31/50 MP: 8/8
  4084 | D:4      | Bought a notched golden ring for 140 gold pieces
  4084 | D:4      | Bought a cyan potion for 25 gold pieces
  4084 | D:4      | Bought an orange potion for 25 gold pieces
  4387 | D:5      | Entered Level 5 of the Dungeon
  4395 | D:4      | Reached skill level 7 in Unarmed Combat
  4395 | D:4      | Reached skill level 1 in Evocations
  4428 | D:5      | Noticed Menkaure
  4440 | D:4      | Killed Menkaure
  4675 | D:5      | Found a glowing drain.
  4688 | Sewer    | Entered a sewer
  4993 | D:5      | Reached skill level 8 in Unarmed Combat
  5118 | D:5      | Reached XP level 9. HP: 54/54 MP: 9/9
  5174 | D:5      | You are sucked into a shaft and drop 1 floor!
  6217 | D:5      | Reached skill level 9 in Unarmed Combat
  6222 | D:5      | Reached skill level 5 in Shapeshifting
  6467 | D:5      | Found Rifeq's Distillery.
  6470 | D:5      | Bought a potion of curing for 33 gold pieces
  6470 | D:5      | Bought a potion of curing for 33 gold pieces
  6470 | D:5      | Bought a potion of curing for 33 gold pieces
  6470 | D:5      | Bought a potion of curing for 33 gold pieces
  6470 | D:5      | Bought a potion of curing for 33 gold pieces
  6906 | D:7      | Noticed Maggie
  6916 | D:7      | Maggie changed into Maggie the acid dragon
  6916 | D:7      | Noticed Maggie
  6922 | D:7      | Mangled by Maggie the acid dragon

Illustrated notes

Levels and vault maps discovered:
D:1:      spicycebolla_arrival_ecumenical, layout_basic
D:2:      layout_basic, basic_altar, uniq_natasha
D:3:      layout_basic
D:4:      layout_cave_pods, fedhas_ov_isle_minmay, serial_shops,
          nicolae_shop_real_fake_doors, uniq_eustachio, uniq_pikel, uniq_robin
D:5:      layout_layer_cave, portal_sewer_entry_e, serial_shops,
          nicolae_shop_behind_doors, uniq_menkaure
D:6:      layout_layer_cave
D:7:      layout_basic, led_sif_pool, lemuel_temple_firewalk_b, uniq_maggie

Skill      XL: |  1  2  3  4  5  6  7  8  9 |
---------------+----------------------------+-----
Unarmed Combat | 4 5 6 8 9 |  9.7
Stealth        | 1 3 4 5 6 8 |  8.0
Throwing       | 1 2 3 |  3.6
Fighting       | 2 |  2.8
Dodging        | 3 4 |  4.3
Shapeshifting  | 4 5 |  5.1
Evocations     | 1 |  1.5

Action                     |  1- 3 |  4- 6 |  7- 9 || total
---------------------------+-------+-------+-------++-------
  Melee: Unarmed           |    44 |    94 |   185 ||   323
         Constrict         |     9 |    18 |    39 ||    66
         Tentacles         |    11 |    16 |    43 ||    70
         Punch             |       |     5 |    11 ||    16
  Throw: Boomerang         |       |    13 |     9 ||    22
         Dart              |       |     6 |    13 ||    19
  Evoke: Wand              |       |       |    12 ||    12
    Use: Scroll            |       |     6 |     1 ||     7
         Potion            |       |       |     9 ||     9
   Stab: Sleeping          |     2 |     8 |    11 ||    21
         Distracted        |       |       |     1 ||     1
 Armour: Skin              |    26 |    44 |    83 ||   153
  Dodge: Dodged            |    20 |    34 |    71 ||   125
